AoeStats
← 根本赢不了

Arena

510244356Analyzed
1v1 RM · 1d ago on Sep 30, 2026· 44m 33s· 2 players
Game mode
Random Map
Map size
Tiny (2 player)
Population
200
Speed
Normal
Resources
Standard
Victory
Conquest
Starting age
Dark Age
Ending age
Imperial Age
RankedLock teamsTeams togetherTeam positionsShared explorationLock speedFull tech treeHidden civsTurbo modeCheats
Victory
Defeat
🇨🇳 Saxons · China
1282
+35
🇬🇹 Bengalis · Guatemala
1282
-16
Ineedhands
11:05 Feudal Age
14:43 Castle Age
12:50 Double-Bit Axe
13:11 Horse Collar
16:00 Bow Saw
16:18 Fletching
18:08 Loom
23:19 Bodkin Arrow
25:01 Padded Archer Armor
30:17 Imperial Age
28:18 Leather Archer Armor
28:06 Gold Mining
28:49 Sanctity
29:28 Stone Mining
30:46 Fervor
31:07 Ballistics
31:32 Conscription
31:49 Bracer
34:44 Ring Archer Armor
35:23 Chemistry
38:57 Wheelbarrow
38:07 Town Watch
38:27 Heavy Plow
39:02 Light Cavalry
39:52 Bloodlines
39:42 Husbandry
40:18 Scale Barding Armor
40:23 Forging
41:31 Chain Barding Armor
44:38 Plate Barding Armor
44:38 Iron Casting
根本赢不了
10:12 Feudal Age
14:31 Castle Age
12:24 Horse Collar
12:32 Double-Bit Axe
12:38 Horse Collar
15:26 Bow Saw
27:49 Gold Mining
29:21 Gold Shaft Mining
31:32 Imperial Age
30:39 Wheelbarrow
29:49 Loom
29:50 Town Watch
30:05 Fletching
30:18 Heavy Plow
30:28 Padded Archer Armor
31:33 Elite Skirmisher
34:05 Conscription
34:22 Bodkin Arrow
34:18 Capped Ram
36:14 Leather Archer Armor
36:00 Bracer
37:31 Chemistry
36:51 Ballistics
37:54 Ring Archer Armor
43:02 Sappers
43:48 Squires
43:14 Pikeman
43:39 Arson
43:57 Elite Varangian Guard
44:26 Halberdier
Connection lost

Rejoining the realm…

Still unreachable

The connection could not be restored.

Session expired

The server has moved on; the page needs a fresh start.